 Dungeon Crawl Stone Soup version 0.31-a0-1476-g8a4046af8c (webtiles) character file.

Game seed: 2815803291716332111

156 Bnni the Digger (level 5, -2/39 HPs)
             Began as a Formicid Earth Elementalist on Dec 29, 2023.
             Slain by Natasha (9 damage)
             ... on level 2 of the Dungeon.
             The game lasted 00:03:45 (1228 turns).

Bnni the Digger (Formicid Earth Elementalist)       Turns: 1228, Time: 00:03:46

Health: -2/39      AC:  3    Str: 12    XL:     5   Next: 65%
Magic:  3/9        EV: 12    Int: 17    God:
Gold:   81         SH:  0    Dex: 14    Spells: 3/10 levels left

rFire   . . .        i - +0 whip
rCold   . . .        (no shield)
rNeg    . . .        o - +1 animal skin
rPois   .            (helmet unavailable)
rElec   .            (no cloak)
rCorr   .            (no gloves)
SInv    +            (no boots)
Will    .....        q - amulet of regeneration
Stlth   ++           (no ring)
HPRegen 1.06/turn    (no ring)
MPRegen 0.11/turn

%: no passive effects
@: very slightly contaminated
A: permanent stasis, dig shafts and tunnels, antennae 3, four strong arms
a: Dig, Shaft Self


You were on level 2 of the Dungeon.
You visited 1 branch of the dungeon, and saw 2 of its levels.

You collected 81 gold pieces.

Inventory:

Hand Weapons
 i - a +0 whip (weapon)
Missiles
 j - 4 poisoned darts
Armour
 d - a +0 chain mail
 g - a +0 ring mail
 o - a +1 animal skin (worn)
Jewellery
 q - an amulet of regeneration (around neck)
Scrolls
 c - 2 scrolls of identify {unknown}
 k - a scroll of immolation {unknown}
 l - 2 scrolls of teleportation {unknown}
 m - a scroll of amnesia {unknown}
 n - a scroll of vulnerability {unknown}
 r - a scroll of poison {unknown}
Potions
 b - a potion of magic
 e - 2 potions of curing {unknown}
 f - a potion of degeneration {unknown}
 h - 2 potions of invisibility {unknown}
 p - a potion of ambrosia {unknown}


   Skills:
 + Level 2.4 Fighting
 - Level 1.7 Dodging
 - Level 2.4 Stealth
 + Level 3.2 Spellcasting
 * Level 5.6 Earth Magic
 - Level 1.3 Alchemy


You had 3 spell levels left.
You knew the following spells:

 Your Spells              Type           Power      Damage    Failure   Level
a - Sandblast             Erth           44%        2d11      1%          1
b - Passwall              Erth           22%        N/A       4%          3
c - Stone Arrow           Conj/Erth      24%        3d8       16%         3

Your spell library contained the following spells:

 Spells                   Type           Power      Damage    Failure   Level
 Petrify                  Alch/Erth      14%        N/A       38%         4
 Brom's Barrelling Bould  Conj/Erth      12%        2d4       47%         4
 Malign Gateway           Summ/Tloc      1%         N/A       100%        7
 Summon Horrible Things   Summ           1%         N/A       100%        8


Dungeon Overview and Level Annotations

Branches:
Dungeon (2/15)

Altars:

Annotations:
D:2 Natasha


Innate Abilities, Weirdness & Mutations

You cannot be hasted, slowed, berserked, paralysed or teleported.
You can dig through walls and to a lower floor.
You have a pair of large antennae on your head. (SInv)
Your four strong arms can wield two-handed weapons with a shield.


Message History

The blast of sand misses Natasha.
The blast of sand hits the cerulean imp!
The cerulean imp is severely wounded.
The cerulean imp hits you from afar with a +2 spear.
The cerulean imp closely misses you. Natasha misses you.
The cerulean imp barely misses you.
The cerulean imp hits you but does no damage.
Natasha barely misses you.
Unknown command.
Aiming: Sandblast (safe; 1% risk of failure)
Press: ? - help, Q - select action, (/) - cycle Shift-Dir - straight line, f/p - Natasha
Aim: Natasha (almost dead, 79% to hit)
The blast of sand hits Natasha but does no damage.
Natasha is almost dead.
The cerulean imp hits you but does no damage.
The cerulean imp hits you from afar with a +2 spear.
Natasha claws you but does no damage.
Aiming: Sandblast (safe; 1% risk of failure)
Press: ? - help, Q - select action, (/) - cycle Shift-Dir - straight line, f/p - Natasha
Aim: Natasha (almost dead, 79% to hit)
The blast of sand hits Natasha.
Natasha is almost dead.
The cerulean imp hits you from afar with a +2 spear. x2
Natasha mumbles some strange words.
The cerulean imp barely misses you. The cerulean imp closely misses you.
Natasha claws you.
Unknown command.
Aiming: Sandblast (safe; 1% risk of failure)
Press: ? - help, Q - select action, (/) - cycle Shift-Dir - straight line, f/p - Natasha
Aim: Natasha (almost dead, 79% to hit)
You miscast Sandblast.
You are very lightly contaminated with residual magic.
Nothing appears to happen.
The cerulean imp hits you from afar with a +2 spear. x2
* * * LOW HITPOINT WARNING * * *
The cerulean imp hits you from afar with a +1 spear.
* * * LOW HITPOINT WARNING * * *
Natasha claws you!
You die...
Natasha begins licking her fur clean.

#########
........#
........#
........#
......55#
.......h####.#
.......@.5...#
.........#####
#........#
#....##.)#
#....<..)#
###.####.#
+.......>#
#######..# {
#..#


You could see Natasha and 3 cerulean imps.

Vanquished Creatures
  Natasha (twice) (D:2)
  Robin (D:2)
  3 gnolls (D:2)
  2 adders (D:2)
  5 bats
  2 endoplasms
  3 giant cockroaches
  11 goblins
  6 hobgoblins
  4 kobolds
  4 ball pythons
  2 frilled lizards (D:1)
  5 rats (D:1)
50 creatures vanquished.

Notes
Turn   | Place    | Note
-------+----------+-------------------------------------------
     0 | D:1      | Bnni the Formicid Earth Elementalist began the quest for
                  | the Orb.
     0 | D:1      | Reached XP level 1. HP: 13/13 MP: 3/3
   199 | D:1      | Reached skill level 4 in Earth Magic
   199 | D:1      | Reached XP level 2. HP: 20/20 MP: 3/5
   489 | D:1      | Reached skill level 1 in Fighting
   530 | D:1      | Reached XP level 3. HP: 26/26 MP: 4/6
   561 | D:1      | Learned a level 3 spell: Passwall
   565 | D:1      | Learned a level 3 spell: Stone Arrow
   908 | D:2      | Noticed Robin
   934 | D:2      | Reached XP level 4. HP: 27/32 MP: 0/8
   947 | D:2      | Killed Robin
   986 | D:2      | Noticed Natasha
   991 | D:2      | Killed Natasha
   992 | D:2      | Reached skill level 5 in Earth Magic
  1056 | D:2      | Reached XP level 5. HP: 38/38 MP: 6/9
  1091 | D:2      | Noticed Natasha
  1108 | D:2      | Killed Natasha
  1216 | D:2      | Noticed Natasha
  1228 | D:2      | Slain by Natasha

Illustrated notes

Levels and vault maps discovered:
D:1:      dreamdust_arrival_sigmund_warning, layout_rooms
D:2:      layout_basic, kennysheep_boxes, uniq_natasha, uniq_robin

Skill      XL: |  1  2  3  4 |
---------------+-------------+-----
Earth Magic    | 4 5 |  5.6
Fighting       | 1 2 |  2.4
Spellcasting   | 3 |  3.2
Dodging        | |  1.7
Stealth        | |  2.4
Alchemy        | |  1.3

Action                     |  1- 3 |  4- 6 || total
---------------------------+-------+-------++-------
  Melee: Unarmed           |    12 |       ||    12
         Whip              |       |    18 ||    18
   Cast: Sandblast         |    44 |    23 ||    67
   Stab: Distracted        |     1 |       ||     1
 Armour: Robe              |    12 |    19 ||    31
         Animal skin       |       |    17 ||    17
  Dodge: Dodged            |    13 |    32 ||    45

Table legend: (Time is in decaauts)
 A = Elapsed time spent in this place.
 B = Non-inter-level travel time spent in this place.
 C = Inter-level travel time spent in this place.
 D = Time resting spent in this place.
 E = Time spent auto-exploring this place.
 F = Levels seen in this place.
 G = Mean time per level.
                   A        B        C        D        E       F      G
               +--------+--------+--------+--------+--------+-----+--------+
         Total |   1262 |   1217 |     45 |     22 |    853 |   2 |  631.0 |
       Dungeon |   1262 |   1217 |     45 |     22 |    853 |   2 |  631.0 |
               +--------+--------+--------+--------+--------+-----+--------+

Top non-repeatable levels by time:
     D:1: 754 daAuts
     D:2: 508 daAuts
